 Dungeon Crawl Stone Soup version 0.28-a0-43-g560ac104fe (webtiles) character file.

Game seed: 13993335027746073757

123 Sobieck the Conjurer (level 5, 28/28 HPs)
             Began as a Tengu Conjurer on July 28, 2021.
             Got out of the dungeon alive.
             The game lasted 00:03:50 (2284 turns).

Sobieck the Conjurer (Tengu Conjurer)               Turns: 2284, Time: 00:03:51

Health: 28/28      AC:  2    Str:  7    XL:     5   Next: 7%
Magic:  12/12      EV: 14    Int: 20    God:
Gold:   84         SH:  0    Dex: 12    Spells: 9/12 levels left

rFire   . . .      SeeInvis .   v - +0 short sword (freeze) {short}
rCold   . . .      Faith    .   (no shield)
rNeg    . . .      Spirit   .   a - +0 robe
rPois   .          Reflect  .   (helmet restricted)
rElec   .          Harm     .   (no cloak)
rCorr   .          Rampage  .   (no gloves)
Will    .....                   (boots unavailable)
Stlth   ++........              (no amulet)
HPRegen 0.09/turn               (no ring)
MPRegen 0.13/turn               (no ring)

@: flying quickly and evasively, quick
A: beak, talons 3, nimble flight
a: no special abilities


You escaped.
You visited 1 branch of the dungeon, and saw 3 of its levels.

You collected 84 gold pieces.


Innate Abilities, Weirdness & Mutations

You have a beak for a mouth.
You have claws for feet.
Your magical nature lets you fly swiftly and evasively.


   Skills:
 - Level 2.1 Dodging
 - Level 2.0 Stealth
 + Level 4.3 Spellcasting
 - Level 6.0 Conjurations


You had 9 spell levels left.
You knew the following spells:

 Your Spells              Type           Power      Damage    Failure   Level
a - Magic Dart            Conj           100%       1d8       1%          1
b - Searing Ray           Conj           56%        3d5       1%          2

Your spell library contained the following spells:

 Spells                   Type           Power      Damage    Failure   Level
 Foxfire                  Conj/Fire      64%        2x1d7     3%          1
 Conjure Flame            Conj/Fire      16%        6-21      11%         3
 Dazzling Flash           Conj/Hex       32%        N/A       11%         3
 Inner Flame              Hex/Fire       4%         N/A       36%         3
 Fulminant Prism          Conj/Hex       8%         3d7       36%         4
 Iskenderun's Mystic Bla  Conj/Tloc      16%        2d5       36%         4

Inventory:

Hand Weapons
 e - a +0 club {mace}
   (You took it off a goblin on level 1 of the Dungeon)
 f - a +0 club {mace}
   (You took it off a goblin on level 1 of the Dungeon)
 i - a +0 club {mace}
   (You found it on level 1 of the Dungeon)
 j - a +0 club {mace}
   (You took it off a kobold on level 1 of the Dungeon)
 k - a +0 club {mace}
   (You took it off a kobold on level 1 of the Dungeon)
 m - a +0 whip {mace}
   (You took it off a gnoll on level 2 of the Dungeon)
 n - a +0 whip {mace}
   (You took it off a gnoll on level 2 of the Dungeon)
 o - a +0 club {mace}
   (You took it off a gnoll on level 2 of the Dungeon)
 p - a +0 dagger {short}
   (You took it off a goblin on level 2 of the Dungeon)
 s - a +0 dagger {short}
   (You took it off a goblin on level 2 of the Dungeon)
 t - a +0 club {mace}
   (You took it off a goblin on level 2 of the Dungeon)
 v - a +0 short sword of freezing (weapon) {short}
   (You took it off a kobold on level 2 of the Dungeon)
Missiles
 c - 22 arrows
 d - 10 poisoned darts {throwing}
 r - 69 stones {throwing}
 u - 18 sling bullets
 w - 20 bolts
Armour
 a - a +0 robe (worn)
 h - a +0 pair of gloves
   (You found it on level 1 of the Dungeon)
Scrolls
 g - a scroll of identify {unknown}
Potions
 b - a potion of haste {unknown}
 l - a potion of heal wounds {unknown}
 q - a potion of cancellation {unknown}
 x - a potion of brilliance {unknown}

Dungeon Overview and Level Annotations

Branches:
Dungeon (3/15)

Altars:

..†#.#..........#...........#
.........#......#......#....#####
.#.##.....#.....#.....#..........
.#.##......#....#....#......#.#..
.#.##.......#...#...#............
.#.##........#.....#.......##.#..
+####.........#...#........##.#..
....#......................##.#..
....#..######...@...######.##.#..
....#......................##.#..
#'###.........#...#........##.#..
.............#.....#.......##.#..
..#.#.......#...#...#......##....
..#.#......#....#....#.....##.###
..#.#.....#.....#.....#....##.# #
#.#.#....#......#......#..###.# #
#.#.#...........#.........###.###


There were no monsters in sight!


Message History

The searing ray hits the worm! (Press . to maintain the ray.) 😎 MP[-1]
You lost 1 mp, and now have 6/11 mp.
The searing ray hits the worm.
You kill the worm! 😎 MP[-1]
You lost 1 mp, and now have 5/11 mp.
You see here a ball python corpse.
You see here a +0 chain mail.
You see here a +0 chain mail.
A bat comes into view. 😎 MP[+6]
Your mp is fully restored (11).
The magic dart hits the bat.
You kill the bat! 😎 MP[-1]
You lost 1 mp, and now have 10/11 mp.
You can't see any susceptible monsters within range! (Use Z to cast anyway.) Partly explored, can't reach some places. 😎 MP[+1]
Your mp is fully restored (11).
Partly explored, can't reach some places.
(D) Dungeon
Where to? (Enter - D:2, ? - help)
You see here a bat corpse.
You see here a ball python skeleton.
There is an open door here.
Things that are here:
a +0 dagger {short}; a goblin skeleton
There is a stone staircase leading down here.
You climb downwards.
You hear the sound of rushing water.
There is an entrance to a sewer on this level.
Hurry and find it before the portal rusts away!
A bat and a ball python come into view.
There is a stone staircase leading up here.
The magic dart hits the bat!
You kill the bat!
The ball python hisses angrily. 😎 MP[-1]
You lost 1 mp, and now have 10/11 mp.
The magic dart hits the ball python.
You kill the ball python! 😎 MP[-1]
You lost 1 mp, and now have 9/11 mp.
You can't see any susceptible monsters within range! (Use Z to cast anyway.)
You can't see any susceptible monsters within range! (Use Z to cast anyway.)
An adder comes into view. 😎 MP[+1]
The magic dart hits the adder.
The adder hisses angrily. 😎 MP[-1]
You lost 1 mp, and now have 9/11 mp.
The magic dart hits the adder.
The magic dart hits the adder! 😎 MP[-1]
You lost 1 mp, and now have 8/11 mp.
The magic dart hits the adder. 😎 MP[-1]
You lost 1 mp, and now have 7/11 mp.
The magic dart hits the adder.
You kill the adder!
You have reached level 5!
Your magical nature develops, letting you fly swiftly and evasively. 😎 HP[+4] MP[-1]
You now have 28 max hp (+4).
Your hp is fully restored (28).
Okay, then.
Unknown command.
Casting: Magic Dart (safe; 1% risk of failure)
Confirm with . or Enter, or press ? or * to list all spells.
Okay, then.
Unknown command.
(D) Dungeon
Where to? (Enter - D:3, ? - help)
You fly upwards.
There is a stone staircase leading down here.
(D) Dungeon
Where to? (Enter - D:2, ? - help)
Things that are here:
a +0 dagger {short}; a goblin skeleton
There is an open door here.
You see here a ball python skeleton.
There is a stone staircase leading up here.
You fly upwards.
There is a stone staircase leading down here. 😎 MP[+3]
You regained 3 mp, and now have 9/12 mp.
(D) Dungeon
Where to? (Enter - D:1, ? - help)
Okay, then.
Unknown command.
Unknown command.
(D) Dungeon
Where to? (Enter - D:1, ? - help)
Okay, then.
There is a staircase leading out of the dungeon here. 😎 MP[+3]
Your mp is fully restored (12).
Are you sure you want to leave the Dungeon?
This will make you lose the game!
You have escaped!

Skill      XL: |  1  2  3  4 |
---------------+-------------+-----
Conjurations   | 6 |  6.0
Spellcasting   | 3 4 |  4.3
Dodging        | |  2.1
Stealth        | |  2.0

Action                   |  1- 3 |  4- 6 || total
-------------------------+-------+-------++-------
 Cast: Magic Dart        |    63 |    34 ||    97
       Searing Ray       |     3 |     3 ||     6
Armor: Robe              |     1 |       ||     1
Dodge: Dodged            |     4 |       ||     4

Levels and vault maps discovered:
D:1:      minmay_arrival_radiant_lines, layout_basic, minivault_5
D:2:      layout_basic, shapermc_ecumenical_altar_starsandcircs,
          uniq_crazy_yiuf_cottage
D:3:      layout_rooms, mainiacjoe_overflow_boulevard, gup_sewer_entry_bubbles,
          uniq_robin

Notes
Turn   | Place    | Note
-------+----------+-------------------------------------------
     0 | D:1      | Sobieck the Tengu Conjurer began the quest for the Orb.
     0 | D:1      | Reached XP level 1. HP: 10/10 MP: 4/4
     0 | D:1      | magus.rc [v1.9.6]
    47 | D:1      | You pick up a book of Flames and begin reading...
    47 | D:1      | You add the spells Foxfire, Conjure Flame and Inner Flame
                  | to your library.
   173 | D:1      | Reached XP level 2. HP: 15/15 MP: 1/6
   185 | D:1      | Learned a level 2 spell: Searing Ray
   460 | D:1      | Reached XP level 3. HP: 19/19 MP: 4/8
   518 | D:1      | Reached skill level 6 in Conjurations
  1032 | D:1      | Reached skill level 3 in Spellcasting
  1412 | D:2      | Reached XP level 4. HP: 24/24 MP: 6/10
  1681 | D:2      | Reached skill level 4 in Spellcasting
  1803 | D:2      | Found a faded altar of an unknown god.
  2232 | D:3      | Gained mutation: Your magical nature lets you fly swiftly
                  | and evasively. [Tengu growth]
  2232 | D:3      | Reached XP level 5. HP: 28/28 MP: 6/12
  2284 | D:$      | Got out of the dungeon alive.

Vanquished Creatures
  3 gnolls (D:2)
  2 adders
  3 worms (D:2)
  2 dart slugs (D:1)
  7 bats
  5 endoplasms
  3 giant cockroaches
  5 hobgoblins
  7 jackals (D:1)
  3 quokkas
  5 ball pythons
  4 frilled lizards
  6 goblins
  3 kobolds
  4 rats
62 creatures vanquished.

Table legend:
 A = Non-vault XP
 B = Vault XP
 C = Vault XP percentage of total XP
 D = Non-vault monster count
 E = Vault monster count
 F = Vault count percentage of total count
                 A         B        C        D         E       F
            +---------+---------+-------+---------+---------+-------
      Total |     176 |       0 |   0.0 |      62 |       0 |   0.0
            +---------+---------+-------+---------+---------+-------
        D:1 |      61 |       0 |   0.0 |      33 |       0 |   0.0
        D:2 |      99 |       0 |   0.0 |      26 |       0 |   0.0
        D:3 |      16 |       0 |   0.0 |       3 |       0 |   0.0
            +---------+---------+-------+---------+---------+-------

Illustrated notes

Table legend:
 A = Kills in this place as a percentage of kills in entire the game.
 B = Kills by you in this place as a percentage of kills by you in the entire game.
 C = Kills by friends in this place as a percentage of kills by friends in the entire game.
 D = Other kills in this place as a percentage of other kills in the entire game.
 E = Experience gained in this place as a percentage of experience gained in the entire game.
 F = Experience gained in this place divided by the number of levels of this place that you have seen.
                   A       B       C       D       E      F
               +-------+-------+-------+-------+-------+----------------------
         Total | 100.0 | 100.0 |   N/A |   N/A | 100.0 |  58.7
       Dungeon | 100.0 | 100.0 |   N/A |   N/A | 100.0 |  58.7
               +-------+-------+-------+-------+-------+----------------------

Table legend: (Time is in decaauts)
 A = Elapsed time spent in this place.
 B = Non-inter-level travel time spent in this place.
 C = Inter-level travel time spent in this place.
 D = Time resting spent in this place.
 E = Time spent auto-exploring this place.
 F = Levels seen in this place.
 G = Mean time per level.
                   A        B        C        D        E       F      G
               +--------+--------+--------+--------+--------+-----+--------+
         Total |   2279 |   2153 |    126 |    117 |   1846 |   3 |  759.7 |
       Dungeon |   2279 |   2153 |    126 |    117 |   1846 |   3 |  759.7 |
               +--------+--------+--------+--------+--------+-----+--------+

Top non-repeatable levels by time:
     D:1: 1318 daAuts
     D:2: 939 daAuts
     D:3: 20 daAuts
